 Dungeon Crawl Stone Soup version 0.24.1-8-ga250c9d538 (webtiles) character file.

Game seed: 10447276068706525322, levelgen mode: deterministic

1110 Tardor the Chopper (level 8, -7/48 HPs)
             Began as a Gargoyle Fighter on Apr 28, 2020.
             Was a Believer of Makhleb.
             Killed by divine providence
             ... invoked by an orc priest
              (15 damage)
             ... on level 5 of the Dungeon.
             The game lasted 00:31:19 (4372 turns).

Tardor the Chopper (Gargoyle Fighter)               Turns: 4372, Time: 00:31:20

Health: -7/48      AC: 16    Str: 20    XL:     8   Next: 33%
Magic:  8/8        EV:  8    Int:  9    God:    Makhleb [**....]
Gold:   167        SH:  9    Dex: 11    Spells: 6/7 levels left

rFire    . . .     SeeInvis .   n - +2 hand axe (vamp)
rCold    . . .     Gourm    .   c - +0 shield
rNeg     + . .     Faith    .   b - +0 scale mail
rPois    ∞         Spirit   .   (no helmet)
rElec    +         Reflect  .   (no cloak)
rCorr    .         Harm     .   (no gloves)
MR       .....                  A - +2 pair of boots {Fly}
Stlth    ..........             (no amulet)
HPRegen  0.16/turn              (no ring)
MPRegen  0.11/turn              (no ring)

@: flying
A: negative energy resistance 1, electricity resistance, unbreathing,
petrification resistance, rot immunity, AC +5
a: Minor Destruction, Renounce Religion, Stop Flying


You were on level 5 of the Dungeon.
You worshipped Makhleb.
Makhleb was pleased with you.
You were not hungry.

You visited 2 branches of the dungeon, and saw 6 of its levels.

You collected 167 gold pieces.

Inventory:

Hand Weapons
 a - a +0 flail
 g - a +2 dagger of venom
 l - a +0 dagger
 m - a +0 hand axe
 n - a +2 vampiric hand axe (weapon)
 r - a +0 club
 u - a +0 dagger
 v - a +0 hunting sling
 D - a +0 hand axe
 K - a +0 flail
 L - a +0 halberd
 M - a +0 halberd
 N - a +0 flail
 R - a +0 flail of protection
Missiles
 h - 183 stones (quivered)
 i - 49 arrows
 y - 13 poisoned darts
 H - 23 bolts
Armour
 b - a +0 scale mail (worn)
 c - a +0 shield (worn)
 e - a +0 robe
 j - a +0 pair of boots
 A - a +2 pair of boots of flying (worn)
 E - a +0 leather armour
 F - a +0 robe of positive energy
 G - a cursed +0 ring mail
 I - a +0 robe
Jewellery
 s - an uncursed ring of poison resistance {unknown}
 t - an uncursed amulet of magic regeneration {unknown}
Wands
 J - a wand of polymorph (2)
Scrolls
 o - 4 scrolls of identify {unknown}
 p - 2 scrolls of teleportation {unknown}
 w - 2 scrolls of fear {unknown}
 C - a scroll of remove curse {unknown}
 O - a scroll of immolation {unknown}
 P - 2 scrolls of amnesia {unknown}
Potions
 d - a potion of might
 k - 2 potions of degeneration {unknown}
 q - 4 potions of curing
 x - a potion of lignification {unknown}
 z - 2 potions of flight {unknown}
 B - 2 potions of brilliance {unknown}
 Q - a potion of magic {unknown}
Comestibles
 f - 6 rations
 S - a chunk of flesh


   Skills:
 + Level 4.6 Fighting
 + Level 5.7(6.0) Axes
 + Level 2.7(4.8) Maces & Flails
 + Level 1.0 Throwing
 + Level 5.2 Armour
 + Level 2.1 Dodging
 + Level 0.3 Stealth
 + Level 4.9 Shields


You had 6 spell levels left.
You knew the following spells:

 Your Spells              Type           Power        Failure   Level  Hunger
a - Magic Dart            Conj           #...         99%         1    ##.....

Your spell library contained the following spells:

 Spells                   Type           Power        Failure   Level  Hunger
 Blink                    Tloc           N/A          99%         2    ###....
 Call Imp                 Summ           #.......     99%         2    ###....
 Slow                     Hex            #.......     99%         2    ###....
 Conjure Flame            Conj/Fire      #.......     100%        3    ####...
 Mephitic Cloud           Conj/Pois/Air  #.......     100%        3    ####...


Dungeon Overview and Level Annotations

Branches:
Dungeon (5/15)             Temple (1/1) D:4

Altars:
Ashenzari
Cheibriados
Dithmenos
Elyvilon
Fedhas
Gozag
Hepliaklqana
Kikubaaqudgha
Makhleb
Okawaru
Uskayaw
Wu Jian
Xom
Yredelemnul

Annotations:
D:5 Pikel


Innate Abilities, Weirdness & Mutations

You are resistant to torment.
Your stone body is resilient. (AC +5)
You are immune to poison.
You resist negative energy. (rN+)
You are resistant to electric shocks. (rElec)
You can survive without breathing.
You are immune to petrification.
You are immune to rotting.


Message History

You barely miss the slave.
The slave is severely wounded.
You miss Pikel. The slave hits you.
The orc priest invokes the aid of Beogh against you.
Beogh smites you!
* * * LOW HITPOINT WARNING * * *
Pikel hits you but does no damage. The slave hits you.
* * * LOW HITPOINT WARNING * * *
The orc priest casts a cantrip, but nothing happens.
An orc wizard appears from thin air!
Reactivating autopickup.
The orc wizard casts a spell.
The orc wizard flickers and vanishes!
Deactivating autopickup; reactivate with Ctrl-A.
You see here a robe.
You block the slave's attack.
The orc priest calls down the wrath of Beogh upon you.
Beogh smites you!
You die...

#..# ##p## #o)# #
##.## # #.p# #.
#p## .. #K# #...
##p# #..# #@[#
#..# #.## #..# #.#
#..# #.# #..# #.#
######...
#.########........
#..............##.
#####.....##### #.
##...## #.


You could see Pikel, 4 slaves and an orc priest.

Vanquished Creatures
  A sky beast (D:5)
  A phantom (D:4)
  3 ogres (D:4)
  2 crimson imps (D:5)
  2 hounds
  A centaur skeleton (D:5)
  2 orc priests
  2 orc wizards
  A gnoll shaman (D:4)
  Jessica (D:2)
  Natasha (D:3)
  2 worker ants (D:4)
  A hound skeleton (D:4)
  A howler monkey skeleton (D:4)
  7 gnolls
  6 adders
  2 oozes
  5 worms
  6 dart slugs
  3 leopard geckos
  11 orcs
  6 bats
  4 giant cockroaches
  7 goblins
  8 hobgoblins
  15 jackals
  5 kobolds
  A quokka (D:4)
  4 frilled lizards
  A quokka skeleton (D:5)
  6 rats
118 creatures vanquished.

Vanquished Creatures (others)
  2 plants (D:4)
2 creatures vanquished.

Grand Total: 120 creatures vanquished

Notes
Turn   | Place    | Note
-------+----------+-------------------------------------------
     0 | D:1      | Tardor the Gargoyle Fighter began the quest for the Orb.
     0 | D:1      | Reached XP level 1. HP: 14/14 MP: 1/1
    22 | D:1      | Reached XP level 2. HP: 19/19 MP: 2/2
   150 | D:1      | Reached XP level 3. HP: 22/23 MP: 3/3
   907 | D:2      | Reached XP level 4. HP: 28/28 MP: 4/4
  1019 | D:2      | Found a burning altar of Makhleb.
  1032 | D:2      | Became a worshipper of Makhleb the Destroyer
  1073 | D:2      | Reached skill level 1 in Axes
  1330 | D:2      | Reached XP level 5. HP: 33/33 MP: 5/5
  1343 | D:2      | Noticed Jessica
  1349 | D:2      | Killed Jessica
  1901 | D:3      | Found a blossoming altar of Fedhas.
  2061 | D:3      | Found a shadowy altar of Dithmenos.
  2103 | D:3      | Reached * piety under Makhleb
  2287 | D:3      | Noticed Natasha
  2299 | D:3      | Killed Natasha
  2299 | D:3      | Reached skill level 1 in Dodging
  2299 | D:3      | Reached XP level 6. HP: 38/38 MP: 6/6
  3047 | D:4      | Reached XP level 7. HP: 24/43 MP: 7/7
  3450 | D:4      | Reached ** piety under Makhleb
  3461 | D:4      | Found a staircase to the Ecumenical Temple.
  3571 | Temple   | Entered the Ecumenical Temple
  3644 | D:4      | Reached skill level 1 in Throwing
  3644 | D:4      | Reached skill level 5 in Armour
  3760 | D:4      | Found a shadowy altar of Dithmenos.
  4022 | D:5      | Entered Level 5 of the Dungeon
  4058 | D:5      | Reached skill level 5 in Axes
  4058 | D:5      | Reached XP level 8. HP: 48/48 MP: 8/8
  4130 | D:5      | Found a basalt altar of Yredelemnul.
  4170 | D:5      | Found a hide-covered altar of Uskayaw.
  4205 | D:5      | Learned a level 1 spell: Magic Dart
  4326 | D:5      | Noticed Pikel
  4372 | D:5      | Killed from afar by an orc priest

Levels and vault maps discovered:
D:1:      shiori_shiawase, layout_loops_ring, kennysheep_decorative_pillar,
          st_stairs_14
D:2:      layout_loops_ring, first_ration, st_stairs_7, bloody_makhleb,
          uniq_jessica
D:3:      layout_loops_corners, lemuel_round_altar, marbit_many_paths,
          uniq_natasha
D:4:      layout_loops_corners, minmay_temple_entry_arrows, chequers_big_river,
          grunt_dithmenos_smoke_and_mirrors
D:5:      layout_rooms, eat_drink_and_be_merry_uskayaw,
          yredelemnul_altar_generic, basic_altar, uniq_pikel
Temple:   eino_temple_lava

Skill      XL: |  1  2  3  4  5  6  7  8 |
---------------+-------------------------+-----
Armour         | 4 5 |  5.2
Axes           | 2 3 4 5 |  5.7
Dodging        | 1 2 |  2.1
Fighting       | 4 |  4.6
Shields        | 4 |  4.9
Throwing       | 1 |  1.0
Maces & Flails | |  2.7
Stealth        | |  0.3

Action                   |  1- 3 |  4- 6 |  7- 9 || total
-------------------------+-------+-------+-------++-------
Melee: Flail             |    51 |       |       ||    51
       Hand axe          |    60 |   242 |   231 ||   533
Throw: Stone             |       |    25 |    17 ||    42
  Eat: Chunk             |       |     4 |       ||     4
       Ration            |       |     1 |     2 ||     3
Armor: Scale mail        |    69 |   118 |   100 ||   287
Dodge: Dodged            |    47 |    65 |    66 ||   178
Block: Shield            |    78 |   101 |    88 ||   267
